AoeStats
← ignasimele

Black Forest

506133560Analyzed
2v2 RM · 20d ago on Sep 12, 2026· 61m 37s· 4 players
Game mode
Random Map
Map size
Medium (4 player)
Population
200
Speed
Normal
Resources
Standard
Victory
Conquest
Starting age
Dark Age
Ending age
Imperial Age
RankedLock teamsTeams togetherTeam positionsShared explorationLock speedFull tech treeHidden civsTurbo modeCheats
Victory
Defeat
🇪🇸 Franks · Spain
999
+10
🇪🇸 Byzantines · Spain
653
+24
🇳🇴 Gurjaras · Norway
856
-17
🇪🇸 Inca · Spain
849
-17
JulesMan1706
0:41 Loom
12:28 Feudal Age
13:17 Double-Bit Axe
14:09 Wheelbarrow
15:39 Horse Collar
18:31 Fletching
20:52 Gold Mining
21:47 Stone Mining
25:33 Castle Age
26:29 Bow Saw
25:45 Crossbowman
26:31 Thumb Ring
26:48 Hand Cart
27:57 Stone Shaft Mining
31:52 Heavy Plow
32:02 Bodkin Arrow
34:36 Gold Shaft Mining
34:48 Fortified Wall
39:44 Imperial Age
37:40 Elite Skirmisher
38:59 Forging
38:49 Padded Archer Armor
38:55 Scale Barding Armor
38:50 Murder Holes
39:16 Ballistics
41:38 Chain Barding Armor
41:53 Iron Casting
41:34 Leather Archer Armor
41:19 Scale Mail Armor
42:42 Conscription
43:45 Two-Man Saw
43:17 Bracer
44:04 Logistica
46:06 Chemistry
46:37 Elite Cataphract
48:23 Plate Barding Armor
48:03 Chain Mail Armor
47:55 Arbalester
48:01 Pikeman
48:42 Squires
51:08 Plate Mail Armor
51:08 Ring Archer Armor
51:08 Caravan
52:15 Fervor
ignasimele
6:21 Loom
11:42 Feudal Age
16:22 Castle Age
14:37 Double-Bit Axe
18:20 Wheelbarrow
18:04 Bow Saw
25:27 Wheelbarrow
24:38 Town Watch
25:02 Gold Mining
25:03 Stone Mining
27:05 Gold Shaft Mining
26:52 Town Patrol
28:19 Hand Cart
32:30 Imperial Age
30:33 Forging
30:49 Scale Barding Armor
31:00 Husbandry
31:33 Caravan
32:28 Chain Barding Armor
32:44 Iron Casting
33:35 Coinage
33:05 Caravan
33:00 Cavalier
34:19 Plate Barding Armor
36:11 Banking
36:22 Conscription
37:00 Paladin
38:15 Ballistics
38:56 Chemistry
37:54 Murder Holes
38:11 Masonry
38:12 Chivalry
40:01 Hoardings
42:00 Blast Furnace
42:04 Scale Mail Armor
43:50 Architecture
46:18 Pikeman
47:02 Squires
46:48 Arson
47:34 Chain Mail Armor
47:09 Fletching
47:20 Padded Archer Armor
49:30 Halberdier
51:27 Plate Mail Armor
53:50 Leather Archer Armor
54:41 Heavy Scorpion
LordMoriarty
11:30 Feudal Age
11:10 Loom
12:05 Horse Collar
12:10 Double-Bit Axe
18:34 Castle Age
19:34 Gold Mining
26:24 Town Watch
26:44 Champi Runner
32:31 Imperial Age
29:45 Champi Warrior
31:40 Forging
31:30 Scale Mail Armor
32:27 Wheelbarrow
32:15 Squires
34:03 Hand Cart
34:58 Conscription
34:38 Arson
36:46 Chemistry
35:44 Stone Mining
37:54 Padded Archer Armor
37:45 Fletching
38:29 Bow Saw
38:26 Heavy Plow
38:40 Masonry
39:11 Elite Champi Warrior
43:20 Iron Casting
43:01 Chain Mail Armor
43:59 Crop Rotation
45:27 Blast Furnace
46:44 Elite Kamayuk
53:06 Plate Mail Armor
52:32 Bodkin Arrow
53:50 Leather Archer Armor
53:04 Pikeman
54:33 Ballistics
54:19 Siege Engineers
54:12 Murder Holes
54:33 Caravan
55:38 Gold Shaft Mining
55:44 Halberdier
57:26 Hoardings
A.haug
0:28 Loom
18:43 Feudal Age
23:20 Castle Age
21:09 Double-Bit Axe
22:21 Horse Collar
22:33 Gold Mining
24:00 Fishing Lines
25:02 Wheelbarrow
25:47 Gillnets
27:43 Bow Saw
32:47 Hand Cart
32:31 Stone Mining
33:17 Gold Shaft Mining
34:32 Heavy Plow
38:12 Imperial Age
37:37 Forging
37:18 Fletching
37:28 Padded Archer Armor
37:29 Scale Mail Armor
37:34 Scale Barding Armor
37:32 Caravan
38:02 Coinage
39:56 Bloodlines
39:46 Husbandry
39:07 Heavy Camel Rider
39:08 Elite Shrivamsha Rider
41:28 Conscription
42:16 Bodkin Arrow
42:28 Murder Holes
42:54 Ballistics
42:15 Treadmill Crane
42:46 Fortified Wall
44:32 Chemistry
44:09 Crop Rotation
45:11 Chain Barding Armor
45:08 Chain Mail Armor
45:29 Iron Casting
50:00 Town Watch
50:13 Elite Elephant Archer
51:57 Leather Archer Armor
53:30 Masonry
55:51 Elite Skirmisher
58:03 Kshatriyas
58:43 Frontier Guards
59:01 Plate Barding Armor
58:57 Plate Mail Armor
Connection lost

Rejoining the realm…

Still unreachable

The connection could not be restored.

Session expired

The server has moved on; the page needs a fresh start.